 Dungeon Crawl Stone Soup version 0.29.1-1-gd02db6906a (webtiles) character file.

Game seed: 6667489140715522936

16 Icepheonix32 the Trooper (level 2, 0/27 HPs)
             Began as a Minotaur Fighter on Sept 19, 2022.
             Succumbed to a goblin's poison
             ... on level 1 of the Dungeon.
             The game lasted 00:00:45 (848 turns).

Icepheonix32 the Trooper (Minotaur Fighter)          Turns: 848, Time: 00:00:45

Health: 0/27       AC:  7    Str: 26    XL:     2   Next: 41%
Magic:  1/1        EV:  9    Int:  5    God:
Gold:   44         SH:  4    Dex:  9    Spells: 1/1 levels left

rFire   . . .      SeeInvis .   j - +0 long sword (freeze)
rCold   . . .      Faith    .   c - +0 buckler
rNeg    . . .      Spirit   .   b - +0 scale mail
rPois   .          Reflect  .   (helmet restricted)
rElec   .          Harm     .   (no cloak)
rCorr   .          Rampage  .   (no gloves)
Will    .....                   (no boots)
Stlth   ..........              (no amulet)
HPRegen 0.09/turn               k - +6 ring of strength
MPRegen 0.07/turn               (no ring)

@: lethally poisoned (0 -> -3)
A: horns 2, retaliatory headbutt
a: no special abilities


You were on level 1 of the Dungeon.
You visited 1 branch of the dungeon, and saw 1 of its levels.

You collected 44 gold pieces.

Inventory:

Hand Weapons
 a - a +0 war axe
 j - a +0 long sword of freezing (weapon)
Armour
 b - a +0 scale mail (worn)
 c - a +0 buckler (worn)
Jewellery
 k - a +6 ring of strength (left hand)
Scrolls
 e - a scroll of summoning {unknown}
 f - 2 scrolls of teleportation {unknown}
 g - a scroll of immolation {unknown}
 h - a scroll of torment {unknown}
 i - a scroll of identify {unknown}
Potions
 d - a potion of might
 l - 2 potions of lignification {unknown}


   Skills:
 * Level 4.2 Fighting
 - Level 2.4 Axes
 + Level 4.0 Armour
 + Level 3.7 Shields


You had one spell level left.
You didn't know any spells.
Your spell library was empty.

Dungeon Overview and Level Annotations

Branches:
Dungeon (1/15)

Altars:


Innate Abilities, Weirdness & Mutations

You have a pair of horns on your head.
You reflexively headbutt those who attack you in melee.


Message History

You block the goblin's attack.
You closely miss the goblin. The goblin hits you but does no damage.
You are poisoned.
The goblin hits you but does no damage.
You are more poisoned.
You hit the goblin. You freeze the goblin. Your headbutt misses the goblin.
The goblin is heavily wounded.
You feel very sick. The goblin hits you but does no damage.
You are lethally poisoned!
You hit the goblin. You freeze the goblin.
You kill the goblin!
You feel very sick.
No target in view!
No target in view!
No target in view!
No target in view!
No target in view!
There is a lethal amount of poison in your body!
There is a lethal amount of poison in your body!
No target in view!
Unknown command.
You feel very sick.
You see here a +0 dagger of venom.
It was a potion of magic.
Magic courses through your body.
You feel very sick.
Unknown command.
* * * LOW HITPOINT WARNING * * *
You feel sick.
* * * LOW HITPOINT WARNING * * *
You feel sick.
* * * LOW HITPOINT WARNING * * *
You feel sick.
* * * LOW HITPOINT WARNING * * *
You feel sick.
* * * LOW HITPOINT WARNING * * *
You feel sick.
You see here 2 sedimented brown potions.
l - 2 sedimented brown potions You die...

....#####.##.........# #.#
.#..#####.##.######### #.#
........#.##.# #.....############
.#.####.#.##'###.....+...........
.).............#.....###.###.####
##.#####.......#.....# ##...#.#
...#####.......#.....# #8.⌠..##
#####..+.......#.....####..⌠.# #
###.##.......#@....#8#∩#...## #
#...#>.....###....#...#_#8#.# #
#.#......#.##.....#.⌠..####.# #
#.########.##.....#..⌠.8# #.# #
#........#.##...)..#...## #.# #
########.# #.......###.# #.#
###.# #.# #......#.#### #.# ....#
#.# #.######... ..# ##### #.# ...
#### ###


There were no monsters in sight!

Vanquished Creatures
  An endoplasm (D:1)
  A giant cockroach (D:1)
  2 goblins (D:1)
  A hobgoblin (D:1)
  3 kobolds (D:1)
  2 quokkas (D:1)
  A ball python (D:1)
  2 bats (D:1)
  A rat (D:1)
14 creatures vanquished.

Notes
Turn   | Place    | Note
-------+----------+-------------------------------------------
     0 | D:1      | Icepheonix32 the Minotaur Fighter began the quest for the
                  | Orb.
     0 | D:1      | Reached XP level 1. HP: 19/19 MP: 0/0
   452 | D:1      | Reached XP level 2. HP: 27/27 MP: 1/1
   816 | D:1      | Found a faded altar of an unknown god.
   847 | D:1      | HP: 1/27 [poisoned by a goblin]
   848 | D:1      | Succumbed to a goblin's poison

Illustrated notes

Levels and vault maps discovered:
D:1:      wander_arrival_chamber, layout_basic, shapermc_ecumenical_altar_venn

Skill      XL: |  1  2 |
---------------+-------+-----
Fighting       | 4 |  4.2
Armour         | 4 |  4.0
Axes           | |  2.4
Shields        | |  3.7

Action                   || total
-------------------------++-------
Melee: War axe           ||     8
       Long sword        ||    18
       Headbutt          ||     5
  Use: Potion            ||     1
Armor: Scale mail        ||    16
Dodge: Dodged            ||    10
Block: Buckler           ||     6
